 Dungeon Crawl Stone Soup version 0.30-a0-760-g5a9884bb7c (webtiles) character file.

Game seed: 18187115406998085912

3 theblackgale the Firebug (level 1, 0/13 HPs)
             Began as a Demonspawn Fire Elementalist on Feb 10, 2023.
             Slain by a bat (1 damage)
             ... on level 1 of the Dungeon.
             The game lasted 00:00:36 (83 turns).

theblackgale the Firebug (DsFE)                       Turns: 83, Time: 00:00:37

Health: 0/13       AC:  2    Str:  8    XL:     1   Next: 41%
Magic:  3/3        EV: 12    Int: 16    God:
Gold:   18         SH:  0    Dex: 13    Spells: 3/4 levels left

rFire   . . .      SeeInvis .    (no weapon)
rCold   . . .      Faith    .    (no shield)
rNeg    . . .      Spirit   .    a - +0 robe
rPois   .          Reflect  .    (no helmet)
rElec   .          Harm     .    (no cloak)
rCorr   .          Rampage  .    (no gloves)
Will    .....                    (no boots)
Stlth   ++                       (no amulet)
HPRegen 0.22/turn                (no ring)
MPRegen 0.08/turn                (no ring)

@: hasted, very quick
A: no striking features
a: no special abilities


You were on level 1 of the Dungeon.
You visited 1 branch of the dungeon, and saw 1 of its levels.

You collected 18 gold pieces.

Inventory:

Armour
 a - a +0 robe (worn)
Potions
 b - a potion of magic


   Skills:
 + Level 1.9 Dodging
 + Level 1.7 Stealth
 + Level 2.1 Spellcasting
 + Level 1.0 Conjurations
 + Level 2.7 Fire Magic


You had 3 spell levels left.
You knew the following spells:

 Your Spells              Type           Power      Damage    Failure   Level
a - Foxfire               Conj/Fire      28%        2x1d5     10%         1

Your spell library contained the following spells:

 Spells                   Type           Power      Damage    Failure   Level
 Scorch                   Fire           20%        2d6       10%         2
 Inner Flame              Hex/Fire       6%         N/A       34%         3
 Kindle Blastsparks       Fire/Tloc/Air  8%         2d10      38%         3
 Flame Wave               Conj/Fire      7%         2d5       67%         4


Dungeon Overview and Level Annotations

Branches:
Dungeon (1/15)

Altars:


Message History

The kobold is heavily wounded.
The bat closely misses you. The kobold barely misses you.
You hit the kobold.
The kobold is heavily wounded.
The bat closely misses you. The kobold barely misses you.
You hit the kobold but do no damage.
The kobold is heavily wounded.
The bat misses you.
You hit the kobold but do no damage.
The kobold is heavily wounded.
The bat hits you but does no damage. The kobold closely misses you.
You hit the kobold.
The kobold is severely wounded.
The bat hits you but does no damage.
The kobold hits you with a +0 short sword.
You closely miss the kobold.
The kobold is severely wounded.
The bat closely misses you.
You barely miss the kobold.
The kobold is severely wounded.
The bat barely misses you. The kobold misses you.
You hit the kobold but do no damage.
The kobold is severely wounded.
The bat closely misses you.
The kobold hits you with a +0 short sword.
You closely miss the kobold.
The kobold is severely wounded.
The bat hits you but does no damage. The bat hits you.
The kobold hits you with a +0 short sword.
* * * LOW HITPOINT WARNING * * *
You hit the kobold.
You kill the kobold!
You closely miss the bat. The bat hits you but does no damage. x2
You hit the bat but do no damage. The bat hits you.
* * * LOW HITPOINT WARNING * * *
The bat hits you but does no damage. The bat barely misses you.
You hit the bat but do no damage. The bat hits you.
* * * LOW HITPOINT WARNING * * *
You closely miss the bat. The bat hits you.
You die...

. ##. #.. #.#
#.#
#####.####...
#....b.....#
#@# #.# #.# #.#
#.# #.#
#.######.##.###
#.........
...###
##.#.###.#
#....


You could see a bat.

Vanquished Creatures
  An endoplasm (D:1)
  A kobold (D:1)
  A frilled lizard (D:1)
3 creatures vanquished.

Vanquished Creatures (others)
  6 foxfires (D:1)
6 creatures vanquished.

Grand Total: 9 creatures vanquished

Notes
Turn   | Place    | Note
-------+----------+-------------------------------------------
     0 | D:1      | theblackgale the Demonspawn Fire Elementalist began the
                  | quest for the Orb.
     0 | D:1      | Reached XP level 1. HP: 13/13 MP: 3/3
    83 | D:1      | Slain by a bat

Illustrated notes

Levels and vault maps discovered:
D:1:      wander_arrival_desolate, layout_loops_ring

Action                     || total
---------------------------++-------
  Melee: Unarmed           ||    24
   Cast: Foxfire           ||     4
    Use: Potion            ||     1
 Armour: Robe              ||     9
  Dodge: Dodged            ||    23

Table legend: (Time is in decaauts)
 A = Elapsed time spent in this place.
 B = Non-inter-level travel time spent in this place.
 C = Inter-level travel time spent in this place.
 D = Time resting spent in this place.
 E = Time spent auto-exploring this place.
 F = Levels seen in this place.
 G = Mean time per level.
                   A        B        C        D        E       F      G
               +--------+--------+--------+--------+--------+-----+--------+
         Total |     71 |     36 |     35 |      0 |      0 |   1 |   71.0 |
       Dungeon |     71 |     36 |     35 |      0 |      0 |   1 |   71.0 |
               +--------+--------+--------+--------+--------+-----+--------+

Top non-repeatable levels by time:
     D:1: 71 daAuts
